 Dungeon Crawl Stone Soup version 0.29-a0-1027-gcd8c55af63 (webtiles) character file.

Game seed: 16210476189123998591

17865 Newt the Basher (level 12, -9/103 HPs)
             Began as a Red Draconian Artificer on Aug 13, 2022.
             Was an Elder of Qazlal.
             Mangled by a skeletal warrior
             ... wielding a +2 vampiric halberd
              (16 damage)
             ... on level 13 of the Dungeon.
             The game lasted 00:39:33 (14949 turns).

Newt the Basher (Red Draconian Artificer)          Turns: 14949, Time: 00:39:35

Health: -9/103     AC: 14    Str: 19    XL:     12   Next: 22%
Magic:  19/19      EV: 15    Int: 12    God:    Qazlal [****..]
Gold:   432        SH: 10    Dex: 12    Spells: 11/11 levels left

rFire   + + .      SeeInvis .   y - +2 dire flail (freeze)
rCold   . . .      Faith    .   (shield currently unavailable)
rNeg    . . .      Spirit   .   (body armour unavailable)
rPois   .          Reflect  +   (helmet restricted)
rElec   .          Harm     .   (no cloak)
rCorr   .          Rampage  .   k - +1 pair of gloves
Will    .....                   (no boots)
Stlth   +.........              H - amulet of reflection
HPRegen 0.27/turn               E - +4 ring of protection
MPRegen 0.16/turn               p - ring of protection from fire

@: hasted, repel missiles, very quick
A: breathe fire, AC +8, unfitting armour, fire resistance 1, cold-blooded
a: Breathe Fire, Renounce Religion, Upheaval, Elemental Force


You were on level 13 of the Dungeon.
You worshipped Qazlal.
Qazlal was greatly pleased with you.
You visited 4 branches of the dungeon, and saw 16 of its levels.

You collected 873 gold pieces.
You spent 441 gold pieces at shops.

Inventory:

Hand Weapons
 a - a +0 club
 n - a +1 flail of venom
 y - a +2 dire flail of freezing (weapon)
Missiles
 g - 2 throwing nets
Armour
 k - a +1 pair of gloves (worn)
 o - an orb of mayhem
Jewellery
 e - a +6 ring of intelligence
 h - an amulet of regeneration
 p - a ring of protection from fire (right hand)
 E - a +4 ring of protection (left hand)
 F - a ring of willpower
 H - an amulet of reflection (around neck)
 K - a ring of poison resistance
 L - a ring of flight
 M - an amulet of guardian spirit
 P - a +4 ring of slaying
Wands
 b - a wand of flame (1) (quivered)
 c - a wand of charming (9)
 d - a wand of iceblast (20)
 A - a wand of digging (9)
 B - a wand of mindburst (16)
 J - a wand of paralysis (3)
Scrolls
 f - 2 scrolls of poison
 i - a scroll of silence
 l - 3 scrolls of amnesia
 t - 3 scrolls of butterflies
 v - 2 scrolls of brand weapon
 w - a scroll of magic mapping
 z - 4 scrolls of teleportation
 C - a scroll of enchant armour
 G - 3 scrolls of summoning
 O - a scroll of enchant weapon
Potions
 j - 7 potions of brilliance
 m - 2 potions of curing
 q - a potion of degeneration
 r - 3 potions of haste
 s - 5 potions of attraction
 u - a potion of flight
 x - a potion of lignification
 D - 2 potions of might
 I - a potion of mutation {unknown}
 N - a potion of resistance {unknown}
Miscellaneous
 Q - a phial of floods


   Skills:
 - Level 8.4 Fighting
 - Level 10.2 Maces & Flails
 - Level 0.2 Throwing
 - Level 8.3 Dodging
 - Level 0.8 Stealth
 - Level 10.0 Invocations
 + Level 10.2 Evocations


You had 11 spell levels left.
You didn't know any spells.
Your spell library contained the following spells:

 Spells                   Type           Power      Damage    Failure   Level
 Necrotise                Necr           0%         1d4       32%         1
 Slow                     Hex            0%         N/A       32%         1
 Ensorcelled Hibernation  Hex/Ice        0%         N/A       45%         2
 Static Discharge         Conj/Air       0%         3-3/arc   45%         2
 Confusing Touch          Hex            0%         N/A       69%         3
 Conjure Flame            Conj/Fire      0%         6-21      69%         3
 Gell's Gravitas          Tloc           0%         N/A       69%         3
 Lesser Beckoning         Tloc           0%         N/A       69%         3
 Teleport Other           Tloc           0%         N/A       69%         3
 Vampiric Draining        Necr           0%         2d6       69%         3
 Anguish                  Hex/Necr       0%         N/A       97%         4
 Animate Dead             Necr           0%         N/A       97%         4
 Dispel Undead            Necr           0%         3d6       97%         4
 Leda's Liquefaction      Hex/Erth       0%         N/A       97%         4
 Sticky Flame             Conj/Fire      0%         2d3       97%         4
 Agony                    Necr           0%         N/A       100%        5
 Borgnjor's Vile Clutch   Necr/Erth      0%         N/A       100%        5
 Summon Forest            Summ/Tloc      0%         N/A       100%        5
 Death Channel            Necr           0%         N/A       100%        6
 Eringya's Noxious Bog    Tmut/Pois      0%         N/A       100%        6
 Summon Hydra             Summ           0%         N/A       100%        7


Dungeon Overview and Level Annotations

Branches:
Dungeon (13/15)            Temple (1/1) D:5            Lair (1/5) D:9
    Orc (1/2) D:12
 Vaults: D:13-14

Altars:
Ashenzari
Dithmenos
Elyvilon
Fedhas
Gozag
Hepliaklqana
Kikubaaqudgha
Makhleb
Nemelex Xobeh
Okawaru
Qazlal
Ru
Sif Muna
Trog
Uskayaw
Vehumet
Wu Jian
Yredelemnul
Zin
The Shining One

Shops:
D:7 !:*

Annotations:
D:11 Lodul
D:12 4 runed translucent doors, exclusion: orange crystal statue, Lait Gas's ghost, journeyman MiFi


Innate Abilities, Weirdness & Mutations

You can breathe blasts of fire.
Your fiery red scales are hard. (AC +8)
You cannot fit into any form of body armour.
Your flesh is heat resistant. (rF+)
You are cold-blooded and may be slowed by cold attacks.


Message History

The skeletal warrior is heavily damaged.
You closely miss the skeletal warrior.
The skeletal warrior is heavily damaged.
A skeletal warrior comes into view. It is wielding a +0 battleaxe.
You bludgeon the skeletal warrior!! You freeze the skeletal warrior.
The skeletal warrior is almost destroyed.
You block the skeletal warrior's attack.
The skeletal warrior hits you with a +0 mace!!
You hit the skeletal warrior but do no damage.
The skeletal warrior is almost destroyed.
The skeletal warrior hits you with a +2 vampiric halberd!
The skeletal warrior draws strength from your wounds!
The skeletal warrior barely misses you.
You barely miss the skeletal warrior. You tail-slap the skeletal warrior.
The skeletal warrior is severely damaged.
You block the skeletal warrior's attack. x2
You closely miss the skeletal warrior.
The skeletal warrior is severely damaged.
You hit the skeletal warrior but do no damage.
The skeletal warrior is severely damaged.
The skeletal warrior hits you with a +2 vampiric halberd!
The skeletal warrior barely misses you.
You hit the skeletal warrior.
The skeletal warrior is severely damaged.
You block the skeletal warrior's attack.
The skeletal warrior hits you with a +0 mace.
Unknown command.
The skeletal warrior attacks as you move away!
The skeletal warrior hits you with a +0 mace!!
* * * LOW HITPOINT WARNING * * *
The skeletal warrior attacks as you move away!
The skeletal warrior hits you with a +2 vampiric halberd!
* * * LOW HITPOINT WARNING * * *
The skeletal warrior draws strength from your wounds!
The skeletal warrior hits you from afar with a +2 vampiric halberd.
* * * LOW HITPOINT WARNING * * *
The skeletal warrior draws strength from your wounds!
You feel yourself speed up.
The skeletal warrior hits you from afar with a +2 vampiric halberd!
You die...

# #.# ##
#.# .#
#.# .#
#.# .#
#.### .#
#...# .#
# ###.#
.#.# #.#
...# #@#
#### #z#
#######
#...z.zz#
......#
#.##.####
#####.#
.. # #.#
# . #


You could see 3 skeletal warriors.

Vanquished Creatures
  A centaur warrior (D:13)
  4 two-headed ogres
  A deep elf pyromancer (D:12)
  2 manticores
  An ugly thing (D:12)
  A slime creature (D:13)
  3 cyclopes (D:13)
  2 unseen horrors
  2 gargoyles
  2 kobold demonologists (D:9)
  A komodo dragon (D:10)
  3 trolls
  A vampire (D:10)
  2 wraiths
  2 wyverns
  12 yaks
  A human (shapeshifter) (D:13)
  A steam dragon (D:6)
  12 vampire mosquitoes
  2 wargs (D:9)
  2 water moccasins
  6 orc warriors
  An ice beast (D:7)
  2 sky beasts
  6 ogres
  2 centaurs
  A phantom (D:5)
  4 kobold brigands
  A gnoll sergeant (D:9)
  5 scorpions
  5 bullfrogs
  3 necrophages
  10 wights
  8 killer bees
  6 howler monkeys
  4 hounds
  A jelly (D:4)
  An orc priest (D:4)
  A gnoll bouda (D:9)
  An iguana (D:5)
  12 orc wizards
  11 gnolls
  7 adders
  2 white imps
  2 ufetubi
  3 dart slugs
  24 orcs
  7 endoplasms
  2 giant cockroaches (D:1)
  6 goblins
  8 hobgoblins
  23 kobolds
  5 quokkas
  8 ball pythons
  4 bats
  4 frilled lizards
  9 rats
263 creatures vanquished.

Vanquished Creatures (collateral kills)
  2 gnolls (D:3)
2 creatures vanquished.

Vanquished Creatures (others)
  A yak (D:10)
  A warg (D:9)
2 creatures vanquished.

Grand Total: 267 creatures vanquished

Notes
Turn   | Place    | Note
-------+----------+-------------------------------------------
     0 | D:1      | Newt the Draconian Artificer began the quest for the Orb.
     0 | D:1      | Reached XP level 1. HP: 16/16 MP: 1/1
   458 | D:1      | Reached skill level 1 in Maces & Flails
   463 | D:1      | Reached XP level 2. HP: 10/23 MP: 2/2
  1411 | D:1      | Reached XP level 3. HP: 28/28 MP: 3/3
  1525 | D:2      | You fall into a shaft and drop 1 floor!
  2046 | D:3      | Found a faded altar of an unknown god.
  2895 | D:2      | Reached XP level 4. HP: 35/35 MP: 4/4
  3012 | D:2      | Got the Octavo of Ensnaring Heat
  3944 | D:3      | Reached XP level 5. HP: 27/42 MP: 5/5
  4117 | D:4      | Noticed an ogre
  4120 | D:4      | Killed an ogre
  4143 | D:4      | Reached XP level 6. HP: 49/53 MP: 6/6
  4265 | D:4      | Found an ornate altar of the Wu Jian Council.
  4473 | D:4      | Found a transporter.
  4482 | D:4      | Found a transporter.
  4924 | D:4      | Reached skill level 5 in Fighting
  4924 | D:4      | Your scales start taking on a fiery red colour.
  4924 | D:4      | Reached XP level 7. HP: 49/61 MP: 7/7
  4924 | D:4      | Gained mutation: Your flesh is heat resistant. (rF+) [Red
                  | Draconian growth]
  5010 | D:5      | Entered Level 5 of the Dungeon
  5035 | D:5      | Reached skill level 5 in Maces & Flails
  5529 | D:5      | Found a staircase to the Ecumenical Temple.
  5544 | Temple   | Entered the Ecumenical Temple
  5581 | Temple   | Became a worshipper of Qazlal Stormbringer
  5662 | D:5      | Found a broken altar of Ashenzari.
  5716 | D:5      | Reached XP level 8. HP: 62/70 MP: 8/8
  6517 | D:7      | Found an iron altar of Okawaru.
  6803 | D:7      | Reached skill level 5 in Dodging
  6803 | D:7      | Reached XP level 9. HP: 22/79 MP: 9/9
  6967 | D:7      | Found Waopsa's Book Emporium.
  7003 | D:7      | Found Kubomokhosch's General Store.
  7177 | D:7      | Bought a scroll of identify for 26 gold pieces
  7177 | D:7      | Bought a wand of digging (2) for 109 gold pieces
  7177 | D:7      | Bought a wand of iceblast (9) for 280 gold pieces
  7177 | D:7      | Bought a scroll of identify for 26 gold pieces
  7488 | D:7      | Found Raweisch's Distillery.
  7972 | D:8      | Reached skill level 5 in Evocations
  8173 | D:8      | Reached * piety under Qazlal
  8407 | D:8      | Noticed a two-headed ogre
  8415 | D:8      | Killed a two-headed ogre
  8858 | D:9      | Noticed a two-headed ogre
  8863 | D:9      | Killed a two-headed ogre
  8864 | D:9      | Reached XP level 10. HP: 76/86 MP: 10/10
  9127 | D:9      | Found a staircase to the Lair.
  9137 | D:9      | Reached ** piety under Qazlal
  9161 | D:9      | Identified the +2 robe of the Guilds {Contam +Inv rElec
                  | Int+4}
 10287 | Lair:1   | Entered Level 1 of the Lair of Beasts
 10293 | Lair:1   | Reached skill level 10 in Evocations
 10330 | Lair:1   | Noticed an elephant
 10330 | Lair:1   | Noticed an elephant
 10331 | Lair:1   | Noticed an elephant
 10366 | D:10     | Entered Level 10 of the Dungeon
 10444 | D:10     | Noticed a two-headed ogre
 10452 | D:10     | Killed a two-headed ogre
 10453 | D:10     | Reached XP level 11. HP: 56/92 MP: 11/11
 10589 | D:10     | Noticed a two-headed ogre
 10592 | D:10     | Killed a two-headed ogre
 10593 | D:10     | Reached skill level 10 in Maces & Flails
 11023 | D:10     | Reached *** piety under Qazlal
 11298 | D:11     | Noticed a five-headed hydra
 11301 | D:11     | Noticed Lodul
 11304 | D:10     | Reached skill level 1 in Invocations
 11934 | D:11     | Noticed a skeletal warrior
 11944 | D:11     | Noticed a skeletal warrior
 11949 | D:11     | Noticed a skeletal warrior
 11973 | D:12     | Noticed Lait Gas's ghost (journeyman MiFi)
 11974 | D:12     | Noticed a minotaur
 12505 | D:12     | Reached skill level 5 in Invocations
 12510 | D:12     | Noticed a white ugly thing
 12519 | D:12     | Killed a white ugly thing
 12794 | D:12     | Found a runed translucent door.
 12801 | D:12     | Noticed an orange crystal statue
 13046 | D:12     | Found a staircase to the Orcish Mines.
 13149 | D:12     | Found a runed translucent gate.
 13149 | D:12     | Found a runed translucent gate.
 13149 | D:12     | Found a runed translucent gate.
 13156 | D:12     | Noticed a deep elf pyromancer
 13163 | D:12     | Killed a deep elf pyromancer
 13429 | Orc:1    | Entered Level 1 of the Orcish Mines
 13429 | Orc:1    | Noticed an orc sorcerer
 13519 | D:13     | Noticed a centaur warrior
 13841 | D:13     | Reached XP level 12. HP: 85/103 MP: 18/18
 14364 | D:13     | Killed a centaur warrior
 14364 | D:13     | Reached **** piety under Qazlal
 14586 | D:13     | Noticed a vault guard
 14593 | D:13     | Noticed a vault guard
 14622 | D:13     | Reached skill level 10 in Invocations
 14949 | D:13     | Mangled by a skeletal warrior

Illustrated notes

Levels and vault maps discovered:
D:1:      matt_arrival_grand_opening, layout_rooms
D:2:      layout_basic, corexii_shack
D:3:      layout_rooms, hellmonk_ecumenical_altar_lost_god
D:4:      gammafunk_wand_slinger, layout_basic, nicolae_overflow_crystal_walls
D:5:      layout_loops_corners, nicolae_ashenzari_panopticon,
          minmay_temple_entry_large_hall, grunt_ministairs_15
D:6:      wander_river, layout_cave_pools
D:7:      layout_loops_corners, mainiacjoe_overflow_surrounded_room,
          serial_shops, nicolae_take_the_stairs, kennysheep_little_box,
          nicolae_inconvenience_store
D:8:      layout_loops_corners
D:9:      layout_layer_cave, erik_lair_orcish_takeover, billiards_dpeg
D:10:     layout_gridville, minmay_fractal_squares_diagonal_5
D:11:     layout_cave_pools, uniq_lodul
D:12:     layout_long_grid, orc_david_3, maelrawn_ghost_gauntlet_escape,
          minmay_crystal_box
D:13:     layout_loops_cross, grunt_vaults_entry_fortified, hellmonk_scale_shop
Temple:   nicolae_temple_bog_church
Lair:1:   layout_gridlike, gammafunk_ghost_necromancy
Orc:1:    layout_caves, basic_altar, nicolae_orc_stony_grotto

Skill      XL: |  1  2  3  4  5  6  7  8  9 10 11 12 |
---------------+-------------------------------------+-----
Maces & Flails | 1 2 3 4 6 7 9 10 | 10.2
Fighting       | 2 4 5 7 8 |  8.4
Evocations     | 4 7 10 | 10.2
Dodging        | 3 5 6 8 |  8.3
Invocations    | 8 10 | 10.0
Throwing       | |  0.2
Stealth        | |  0.8

Action                   |  1- 3 |  4- 6 |  7- 9 | 10-12 || total
-------------------------+-------+-------+-------+-------++-------
Melee: Club              |   137 |       |       |       ||   137
       Tailslap          |    12 |     9 |    31 |    48 ||   100
       Punch             |     3 |     1 |       |       ||     4
       Flail             |     8 |   112 |   217 |       ||   337
       Dire flail        |       |       |    79 |   411 ||   490
 Abil: Breathe Fire      |       |       |     2 |     2 ||     4
Evoke: Wand              |     7 |     7 |    10 |    40 ||    64
  Use: Scroll            |     3 |    10 |     9 |     5 ||    27
       Potion            |       |       |     1 |     6 ||     7
 Stab: Sleeping          |     2 |     1 |     6 |       ||     9
Armor: Skin              |    56 |    50 |    99 |   167 ||   372
Dodge: Dodged            |   153 |    80 |   185 |   282 ||   700
       Repelled          |       |       |       |     1 ||     1
Block: Other             |       |       |       |   136 ||   136
       Reflection        |       |       |       |    11 ||    11

Table legend: (Time is in decaauts)
 A = Elapsed time spent in this place.
 B = Non-inter-level travel time spent in this place.
 C = Inter-level travel time spent in this place.
 D = Time resting spent in this place.
 E = Time spent auto-exploring this place.
 F = Levels seen in this place.
 G = Mean time per level.
                   A        B        C        D        E       F      G
               +--------+--------+--------+--------+--------+-----+--------+
         Total |  14986 |  14287 |    699 |   4872 |   6991 |  16 |  936.6 |
       Dungeon |  14864 |  14188 |    676 |   4872 |   6966 |  13 | 1143.4 |
        Temple |     64 |     41 |     23 |      0 |      0 |   1 |   64.0 |
          Lair |     56 |     56 |      0 |      0 |     25 |   1 |   56.0 |
  Orcish Mines |      1 |      1 |      0 |      0 |      0 |   1 |    1.0 |
               +--------+--------+--------+--------+--------+-----+--------+

Top non-repeatable levels by time:
    D:12: 2002 daAuts
     D:3: 1712 daAuts
     D:1: 1533 daAuts
    D:10: 1470 daAuts
     D:9: 1388 daAuts
     D:7: 1338 daAuts
     D:8: 1058 daAuts
    D:13: 957 daAuts
     D:4: 933 daAuts
     D:5: 927 daAuts
     D:2: 892 daAuts
     D:6: 526 daAuts
    D:11: 122 daAuts
  Temple: 64 daAuts
  Lair:1: 56 daAuts
